← All builds
Geo / Armada / Economy first / OBSERVED BUILD

Standard geo

Armada Geo build order · Supreme Isthmus

The standard Geo build: fast geothermal into T2 constructor and advanced geothermal, blowing the commander for T2 and bringing Starlight and other T2 units to front while supplying allies with constructors and rez bots.

Usually blows up the commander for T2 (67%)

#eco #t2 #team support · 802 distinct matches · 112 players · 58% of Armada Geo games · team won 54% of 903 · Recently observed

HOW TO PLAY IT

Key timing: Geothermal Powerplant by 3:26

  1. Open mex and wind into Bot Lab.
  2. Rush geothermal for the early energy spike.
  3. Add Advanced Metal Extractor, then Advanced Geothermal by 7:07.
  4. Bring up Vehicle Plant alongside T2 con for "Starlight" and vehicles.
  5. Funnel "Starlight" and T1 vehicles to front, pay allies with cons and "Lazarus".

Phase by phase

TYPICAL OF ITS 802 GAMES
  1. 1
  2. 2
  3. 3
  4. 4
PLAY THE OPENING

Follow the example game's first 6:00 step by step: what to build now, what comes next, and where it goes. At 1× it keeps pace with your own game.

  1. 1

    Up to the Bot Lab

    Economy
    • Metal Extractor2Mex
    • Wind Turbine4Wind
    Order
    1. Bot LabBot Lab after 2 mex, 4 winddone ~1:11, middle half 0:58–1:22

    By 0:54 in all: 2 mex · 4 wind

    The example game in this phase · 3 steps
    1. Mex ×3
    2. Wind ×4
    3. Bot LabBot Labdone 1:21 · typical 1:11
  2. 2

    Bot Lab to 5:00

    Economy
    • Metal Extractor2Mex
    • Wind Turbine3Wind
    • Energy Converter8Converter
    • Energy Storage1Energy storage
    Order
    1. Geothermal PowerplantGeo after 4 mex, 5 wind, 1 energy storage
    Builders
    • Construction Turret5 Con turret
    • Lazarus4 Lazarus
    • Construction Bot2 Con bot
    • Construction Bot1 Con bot for allies
    • Lazarus1 Lazarus for allies

    By 5:00 in all: 4 mex · 7 wind · 1 geo · 8 converter · 1 energy storage · 5 con turret

    The example game in this phase · 19 steps
    1. TickTick ×2
    2. LazarusLazarus ×3
    3. Construction BotCon botfor Air
    4. LazarusLazarus
    5. LazarusLazarusfor Air
    6. Construction BotCon bot ×2
    7. LazarusLazarus
    8. Mex
    9. Geothermal PowerplantGeodone 3:35 · typical 3:26
    10. PawnPawn
    11. Mexfor Air
    12. Con turret ×3
    13. Converter
    14. Con turret
    15. Converter ×2
    16. Energy storage
    17. Converter ×2
    18. Radar TowerRadar Tower
    19. Converter
  3. 3

    5:00 to Vehicle Plant

    Order
    1. Advanced Geothermal PowerplantAdvanced Geothermal Powerplant after 8 wind, 10 converter, 6 con turretin 59% of games
    2. Vehicle PlantVehicle Plant after 10 wind, 10 converter, 6 con turretdone ~7:07, middle half 6:41–7:38
    Builders
    • Construction Turret1 Con turret

    Some games also: converter (49%) · wind (47%)

    By 6:59 in all: 4 mex · 10 wind · 1 geo · 1 Advanced Geothermal Powerplant · 10 converter · 1 energy storage

    The example game in this phase · 7 steps
    1. Advanced Metal ExtractorT2 mex ×4done 5:40 · typical 5:34
    2. Advanced Geothermal PowerplantAdvanced Geothermal Powerplantdone 7:13 · typical 7:08
    3. Con turret ×3
    4. Converter ×2
    5. Con turret ×2
    6. Converter
    7. Vehicle PlantVehicle Plantdone 7:53 · typical 7:07
  4. 4

    Vehicle Plant to 10:00

    Economy
    • Wind Turbine6Wind
    • Energy Converter4Converter
    Order
    1. Advanced Vehicle PlantAdvanced Vehicle Plant after 11 wind, 12 converter, 7 con turret
    Builders
    • Construction Vehicle1 Con vehicle
    Army
    • Starlight2 Starlight
    • Umbra1 Jammer
    • Prophet1 Radar vehicle

    Some games also: T2 con vehicle for allies (50%) · con turret (49%) · Jaguar (32%)

    By 10:00 in all: 4 mex · 20 wind · 1 geo · 1 Advanced Geothermal Powerplant · 16 converter · 1 energy storage

    The example game in this phase · 205 steps
    1. Converter
    2. Con turret ×2
    3. BlitzBlitz ×2
    4. Converter
    5. BlitzBlitz ×2
    6. Converter
    7. BlitzBlitz ×5
    8. Construction VehicleCon vehicle ×2
    9. BlitzBlitz ×4
    10. Con turret
    11. BlitzBlitz ×6
    12. Advanced Vehicle PlantAdvanced Vehicle Plantdone 9:10 · typical 8:05
    13. BlitzBlitz ×2
    14. Con turret
    15. BlitzBlitz ×4
    16. Wind
    17. SentrySentry
    18. BlitzBlitz
    19. Wind
    20. GroundhogGroundhog
    21. Wind
    22. GroundhogGroundhog
    23. Wind
    24. SentrySentry
    25. Wind ×2
    26. SentrySentry
    27. Wind
    28. SentrySentry
    29. Wind
    30. SentrySentry
    31. Wind
    32. SentrySentry ×2
    33. Wind ×2
    34. SentrySentry
    35. Wind ×2
    36. UmbraJammer
    37. Wind
    38. ProphetRadar vehicle
    39. Wind ×2
    40. StarlightStarlightdone 10:12 · typical 9:01
    41. Wind ×5
    42. StarlightStarlight
    43. Wind ×6
    44. StarlightStarlight
    45. Wind
    46. Light MineLight Mine ×2
    47. Wind
    48. Metal storage
    49. Light MineLight Mine
    50. Wind
    51. Energy storage
    52. Wind
    53. Light MineLight Mine
    54. Energy storage
    55. Light MineLight Mine
    56. Wind
    57. ShredderShredderdone 11:02
    58. Light MineLight Mine
    59. Wind
    60. Light MineLight Mine ×3
    61. Wind
    62. ShredderShredder
    63. Light MineLight Mine ×2
    64. Wind ×2
    65. ShredderShredder
    66. Wind
    67. Light MineLight Mine ×2
    68. ShredderShredder
    69. Wind
    70. Light MineLight Mine ×2
    71. Wind
    72. Light MineLight Mine
    73. Advanced Construction VehicleT2 con vehiclefor unknown
    74. Light MineLight Mine ×4
    75. Wind
    76. Advanced Construction VehicleT2 con vehiclefor Pond
    77. Light MineLight Mine ×4
    78. StarlightStarlight
    79. Light MineLight Mine ×3
    80. Wind
    81. Light MineLight Mine ×2
    82. Wind
    83. Light MineLight Mine ×3
    84. JaguarJaguar
    85. Light MineLight Mine
    86. Wind
    87. Light MineLight Mine
    88. JaguarJaguar
    89. Light MineLight Mine ×2
    90. JaguarJaguar
    91. Light MineLight Mine ×2
    92. Wind
    93. JaguarJaguar
    94. Light MineLight Mine ×3
    95. JaguarJaguar
    96. Light MineLight Mine ×2
    97. JaguarJaguar
    98. Wind
    99. Light MineLight Mine ×2
    100. JaguarJaguar
    101. Wind
    102. Light MineLight Mine ×3
    103. JaguarJaguar
    104. Light MineLight Mine
    105. Wind ×2
    106. JaguarJaguar
    107. Light MineLight Mine ×2
    108. Wind
    109. Light MineLight Mine
    110. ShredderShredder
    111. Light MineLight Mine
    112. Wind
    113. Light MineLight Mine
    114. Wind
    115. Light MineLight Mine ×2
    116. ShredderShredder
    117. Wind
    118. Light MineLight Mine ×3
    119. Wind
    120. Light MineLight Mine ×2
    121. JaguarJaguar
    122. Wind
    123. Light MineLight Mine ×3
    124. Wind
    125. JaguarJaguar
    126. Light MineLight Mine
    127. Wind
    128. Light MineLight Mine
    129. Energy storage
    130. Light MineLight Mine ×2
    131. JaguarJaguar
    132. Wind
    133. Light MineLight Mine ×2
    134. Wind
    135. Light MineLight Mine ×2
    136. JaguarJaguar
    137. Wind
    138. Light MineLight Mine ×2
    139. Wind
    140. JaguarJaguar
    141. Light MineLight Mine
    142. Wind
    143. Light MineLight Mine
    144. JaguarJaguar
    145. Light MineLight Mine
    146. Wind
    147. Light MineLight Mine
    148. Wind
    149. Light MineLight Mine
    150. JaguarJaguar
    151. Light MineLight Mine
    152. Wind
    153. Light MineLight Mine
    154. JaguarJaguar
    155. Light MineLight Mine
    156. Wind
    157. Light MineLight Mine
    158. JaguarJaguar
    159. Wind
    160. Light MineLight Mine ×2
    161. Wind
    162. ProphetRadar vehicle
    163. Light MineLight Mine
    164. Wind
    165. Light MineLight Mine
    166. UmbraJammer
    167. Wind
    168. Light MineLight Mine ×2
    169. Wind
    170. JaguarJaguar
    171. Light MineLight Mine
    172. Wind
    173. Light MineLight Mine
    174. Wind
    175. JaguarJaguar
    176. Light MineLight Mine ×2
    177. Wind
    178. JaguarJaguar
    179. Light MineLight Mine
    180. Wind
    181. Light MineLight Mine
    182. Wind
    183. JaguarJaguar
    184. Wind
    185. Light MineLight Mine ×2
    186. Wind
    187. JaguarJaguar
    188. Light MineLight Mine
    189. Wind
    190. Light MineLight Mine
    191. Wind
    192. Light MineLight Mine
    193. JaguarJaguar
    194. Wind
    195. Bot LabBot Labdone 14:48
    196. Light MineLight Mine ×2
    197. JaguarJaguar
    198. Light MineLight Mine
    199. LazarusLazarus
    200. Light MineLight Mine ×2
    201. JaguarJaguar
    202. LazarusLazarus
    203. Light MineLight Mine
    204. LazarusLazarus
    205. Light MineLight Mine

Counts are medians over the build's games: half of them build more, half fewer. The example game is Ariah's (44 OS, 04/10/2026); pick another.

Team trades

IN AT LEAST 30% OF ITS GAMES

You hand over

  • Lazarus1 Lazarus to Beach seafirst at 2:16 · in 78% of games
  • Construction Bot1 Con bot to Beach seafirst at 2:29 · in 87% of games
  • Advanced Construction Vehicle1 T2 con vehicle to Suicide front or Frontfirst at 8:49 · in 63% of games

You get

  • Hercules1 Light transport from Airfirst at 4:18 · in 32% of games
  • Advanced Construction Bot1 T2 con bot from Techfirst at 4:50 · in 95% of games

How it plays out

Typical game of this build, running totals by minute

Metal produced

020k40k
0:005:0010:0015:00

metal

Enemy metal destroyed

05k10k15k
0:005:0010:0015:00

metal

Own metal lost

02.5k5k7.5k
0:005:0010:0015:00

metal

903 games.

Show as table
ByMetal produced: This buildEnemy metal destroyed: This buildOwn metal lost: This build
1:0033300
2:0082800
3:00152800
4:00270000
5:00372600
6:00568000
7:00812400
8:0011491021
9:001450151126
10:0017416556260
11:00203961983750
12:002327339401876
13:002606260193262
14:002898084264635
15:0031650104596170
WHAT THE NUMBERS SAY

Standard Geo build dominates the resource numbers, with zero own losses through 10:00 and a huge metal lead by 15:00.

  • + Metal produced hits 31426 by 15:00, highest of all six builds
  • + Own metal lost is 0 by 5:00 and only 334 by 10:00
  • − First Starlight only arrives in 57% of games by 9:19
  • − Advanced geothermal lands in just 69% of games by 7:16
THE EXAMPLE YOU ARE READING

Ariah

43.6 OS · 04/10/2026

Open source match ↗

7 received units · includes a constructor
4391 metal received · 76004 energy received

Allied construction assistance is unknown. Timings are observations, not a promise of solo reproducibility.

Typical milestones

Bot Lab1:11Middle 50%: 0:58–1:22 · n=902
Geothermal Powerplant3:26Middle 50%: 3:11–3:43 · n=900
Advanced Metal Extractor5:34Middle 50%: 5:19–5:57 · n=897
Vehicle Plant7:07Middle 50%: 6:41–7:38 · n=862
Advanced Geothermal Powerplant7:08Middle 50%: 6:50–7:35 · n=647
Advanced Vehicle Plant8:05Middle 50%: 7:40–8:42 · n=822
Starlight9:01Middle 50%: 8:32–9:48 · n=724

Played most by

0neTw0100games of this buildzeus_on_god96games of this buildViltrum51games of this buildXad48games of this buildDamsko44games of this build